AoeStats
← TheHoaN

Coastal Forest

510497894Analyzed
4v4 RM · 17h ago on Oct 1, 2026· 23m 30s· 8 players
Game mode
Random Map
Map size
Large (8 player)
Population
200
Speed
Normal
Resources
Standard
Victory
Conquest
Starting age
Dark Age
Ending age
Imperial Age
RankedLock teamsTeams togetherTeam positionsShared explorationLock speedFull tech treeHidden civsTurbo modeCheats
Victory
Defeat
🇫🇷 Saxons · France
1248
+13
🇸🇪 Britons · Sweden
1225
+14
🇸🇪 Aztecs · Sweden
1152
+17
🇨🇳 Franks · China
1099
+18
🇨🇳 Slavs · China
1227
-18
🇨🇳 Byzantines · China
1226
-18
🇹🇼 Varangians · Taiwan
1135
-14
🇨🇳 Spanish · China
1078
-12
TheHoaN
6:54 Loom
9:50 Feudal Age
10:15 Man-at-Arms
16:01 Double-Bit Axe
16:39 Horse Collar
16:53 Arson
18:45 Wheelbarrow
21:48 Castle Age
19:51 Scale Mail Armor
20:26 Forging
21:11 Gold Mining
22:50 Squires
22:46 Eagle Warrior
小敏
6:10 Loom
9:22 Feudal Age
10:19 Double-Bit Axe
21:59 Castle Age
19:54 Gold Mining
20:42 Forging
20:38 Scale Barding Armor
ikaros
7:33 Loom
9:45 Feudal Age
10:57 Double-Bit Axe
15:11 Fletching
18:35 Horse Collar
19:54 Padded Archer Armor
STABYLO
9:41 Loom
11:33 Feudal Age
12:41 Double-Bit Axe
13:10 Gold Mining
15:27 Castle Age
14:47 Fletching
16:05 Bodkin Arrow
16:24 Bloodlines
16:14 Husbandry
16:26 Bow Saw
22:09 Padded Archer Armor
21:51 Horse Collar
24:17 Ballistics
LocalMomsHelper
9:12 Loom
12:38 Feudal Age
23:00 Double-Bit Axe
muui
7:14 Loom
11:05 Feudal Age
13:45 Wheelbarrow
17:58 Padded Archer Armor
17:48 Fletching
22:33 Gold Mining
24:02 Scale Mail Armor
24:12 Forging
HajimiManbo
11:12 Feudal Age
16:09 Castle Age
18:02 Loom
19:15 Scale Barding Armor
飘叶
9:37 Feudal Age
15:07 Castle Age
14:03 Double-Bit Axe
14:15 Stone Mining
15:19 Loom
19:58 Horse Collar
22:19 Fishing Lines
Connection lost

Rejoining the realm…

Still unreachable

The connection could not be restored.

Session expired

The server has moved on; the page needs a fresh start.